 Dungeon Crawl Stone Soup version 0.32-a0-921-g04a7ad8e02 (webtiles) character file.

Game seed: 11168775650792916486

362 OboWinRate the Sneak (level 6, -8/52 HPs)
             Began as a Demigod Brigand on Apr 11, 2024.
             Mangled by an iguana (11 damage)
             ... on level 4 of the Dungeon.
             The game lasted 00:15:45 (4001 turns).

OboWinRate the Sneak (Demigod Brigand)              Turns: 4001, Time: 00:15:46

Health: -8/52      AC:  7    Str: 12      XL:     6   Next: 15%
Magic:  8/8        EV: 12    Int: 13      God:
Gold:   196        SH:  0    Dex: 22 (23) Spells: 5/5 levels left

rFire   . . .        a - +2 dagger
rCold   . . .        (no shield)
rNeg    . . .        l - +0 leather armour
rPois   .            d - +0 helmet
rElec   .            c - +0 cloak
rCorr   .            i - +1 pair of gloves
SInv    +            (no boots)
Will    .....        (no amulet)
Stlth   +++          S - ring of see invisible
HPRegen 0.28/turn    (no ring)
MPRegen 0.11/turn

%: no passive effects
@: no status effects
A: high MP 1, forlorn, divine attributes
a: no special abilities


You were on level 4 of the Dungeon.
You visited 1 branch of the dungeon, and saw 4 of its levels.

You collected 226 gold pieces.
You spent 30 gold pieces at shops.

Inventory:

Hand Weapons
 a - a +2 dagger (weapon)
Missiles
 e - 4 poisoned darts (quivered)
 f - 3 curare-tipped darts
Armour
 c - a +0 cloak (worn)
 d - a +0 helmet (worn)
 i - a +1 pair of gloves (worn)
 l - a +0 leather armour (worn)
Jewellery
 S - a ring of see invisible (left hand)
Scrolls
 b - a scroll of silence {unknown}
 g - 2 scrolls of summoning {unknown}
 h - a scroll of revelation {unknown}
 j - 2 scrolls of teleportation {unknown}
 k - a scroll of noise {unknown}
 m - 2 scrolls of identify {unknown}
Potions
 n - a potion of brilliance {unknown}
 o - a potion of might {unknown}
 p - a potion of lignification {unknown}


   Skills:
 - Level 4.0 Fighting
 - Level 2.0(2.8) Short Blades
 + Level 3.0(3.3) Long Blades
 - Level 2.0 Throwing
 + Level 2.8 Dodging
 - Level 4.0 Stealth


You had 5 spell levels left.
You didn't know any spells.
Your spell library contained the following spells:

 Spells                   Type           Power      Damage    Failure   Level
 Maxwell's Portable Pile  Tloc           0%         2d(5-13)  75%         3
 Arcjolt                  Conj/Air       0%         1d10      100%        5
 Maxwell's Capacitive Co  Air            0%         ∞         100%        8


Dungeon Overview and Level Annotations

Branches:
Dungeon (4/15)
 Temple: D:4-7

Shops:
D:2 !(

Annotations:
D:1 exclusion: downstairs
D:4 exclusion: ogre


Innate Abilities, Weirdness & Mutations

You have an increased reservoir of magic. (+10% MP)
You shall have no god before yourself.
Your divine heritage dramatically boosts your attributes as you level up.


Message History

You hit the iguana.
The iguana is moderately wounded.
The iguana bites you but does no damage.
You hit the iguana.
The iguana is severely wounded.
The iguana bites you.
You take 4 damage, and have 28/52 hp.
You hit the iguana.
The iguana is almost dead.
The iguana barely misses you.
You hit the iguana but do no damage.
The iguana is almost dead.
You hit the iguana but do no damage.
The iguana is almost dead.
The iguana bites you.
You take 5 damage, and have 24/52 hp.
You closely miss the iguana.
The iguana is almost dead.
The iguana bites you!
You take 7 damage, and have 17/52 hp.
Okay, then.
You hit the iguana.
The iguana is almost dead.
The iguana bites you!
* * * LOW HITPOINT WARNING * * *
You take 7 damage, and have 10/52 hp.
Throw: 5 darts (poison)
Press: ? - help, Q - select action, (/) - cycle Shift-Dir - straight line, f - iguana
Aim: an iguana (almost dead, 68% to hit)
You throw a poisoned dart. The poisoned dart hits the iguana.
The iguana is poisoned.
The iguana is almost dead.
The iguana bites you!
* * * LOW HITPOINT WARNING * * *
You take 7 damage, and have 3/52 hp.
Okay, then.
You hit the iguana but do no damage.
The iguana is almost dead.
The iguana bites you!
You die...

###...### ##...$...#
......... #.......
#.##...# # #.# ...#
#..####.###..#####.
#.......>..@l......
#######.............
#............#######
#.######.#...# #.#
#.#...# #.# #.#...#
#.# ##.#...# #.#
##......# #.#
#.......#


You could see an iguana (poisoned).

Vanquished Creatures
  A bombardier beetle (D:3)
  A jelly (D:4)
  A gnoll bouda (D:4)
  Jessica (D:2)
  An orc wizard (D:3)
  Robin (D:2)
  7 gnolls
  5 adders
  A ribbon worm (D:3)
  2 dart slugs (D:2)
  5 orcs (D:3)
  5 endoplasms
  11 goblins
  10 hobgoblins
  3 jackals (D:1)
  5 quokkas
  4 ball pythons (D:1)
  4 bats
  3 frilled lizards (D:2)
  10 kobolds
  8 rats
89 creatures vanquished.

Notes
Turn   | Place    | Note
-------+----------+-------------------------------------------
     0 | D:1      | OboWinRate the Demigod Brigand began the quest for the Orb.
     0 | D:1      | Reached XP level 1. HP: 17/17 MP: 3/3
    73 | D:1      | Reached skill level 1 in Dodging
   111 | D:1      | Reached XP level 2. HP: 24/24 MP: 4/4
   660 | D:1      | Reached XP level 3. HP: 30/30 MP: 5/5
  1511 | D:2      | Noticed Robin
  1678 | D:2      | Noticed Jessica
  1691 | D:2      | Killed Jessica
  1692 | D:2      | Reached XP level 4. HP: 34/39 MP: 6/6
  1765 | D:2      | Killed Robin
  2009 | D:2      | Found Affuqast's Distillery.
  2016 | D:2      | Bought a potion of curing for 30 gold pieces
  2145 | D:2      | Found Tutauc's Weapon Shoppe.
  2562 | D:3      | Reached skill level 1 in Long Blades
  2964 | D:3      | Reached XP level 5. HP: 46/46 MP: 7/7
  3425 | D:4      | Noticed an ogre
  3654 | D:4      | Reached XP level 6. HP: 43/52 MP: 8/8
  4001 | D:4      | Mangled by an iguana

Illustrated notes

Levels and vault maps discovered:
D:1:      dpeg_cavernosity, layout_basic
D:2:      layout_loops_ring, serial_shops, nicolae_shop_advertising_works
          [nicolae_subvault_shop_adworks], nicolae_shop_tiny_glass, uniq_robin,
          uniq_jessica
D:3:      layout_rooms, jmf_multi_god_temple
D:4:      layout_loops_ring, lemuel_mausoleum_altar_yredelemnul,
          mainiacjoe_overflow_alcove_3, nicolae_titane

Skill      XL: |  1  2  3  4  5  6 |
---------------+-------------------+-----
Fighting       | 2 3 4 |  4.0
Throwing       | 2 |  2.0
Short Blades   | 2 |  2.0
Dodging        | 1 2 |  2.8
Stealth        | 4 |  4.0
Long Blades    | 1 2 3 |  3.0

Action                     |  1- 3 |  4- 6 || total
---------------------------+-------+-------++-------
  Melee: Dagger            |    79 |   248 ||   327
  Throw: Dart              |    27 |    14 ||    41
    Use: Potion            |     1 |     1 ||     2
   Stab: Sleeping          |     6 |     5 ||    11
         Distracted        |       |     1 ||     1
 Armour: Robe              |    44 |    39 ||    83
         Leather armour    |       |   102 ||   102
  Dodge: Dodged            |    38 |   130 ||   168

Table legend: (Time is in decaauts)
 A = Elapsed time spent in this place.
 B = Non-inter-level travel time spent in this place.
 C = Inter-level travel time spent in this place.
 D = Time resting spent in this place.
 E = Time spent auto-exploring this place.
 F = Levels seen in this place.
 G = Mean time per level.
                   A        B        C        D        E       F      G
               +--------+--------+--------+--------+--------+-----+--------+
         Total |   3966 |   3736 |    230 |    168 |   2717 |   4 |  991.5 |
       Dungeon |   3966 |   3736 |    230 |    168 |   2717 |   4 |  991.5 |
               +--------+--------+--------+--------+--------+-----+--------+

Top non-repeatable levels by time:
     D:1: 1608 daAuts
     D:2: 1070 daAuts
     D:4: 661 daAuts
     D:3: 626 daAuts
